 Dungeon Crawl Stone Soup version 0.27-a0-1448-g9c78c815f3 (webtiles) character file.

Game seed: 8747360394992501979

189253 DeathSun the Hand of Fortune (level 18, -14/153 (178) HPs)
             Began as a Hill Orc Fighter on June 21, 2021.
             Was the Champion of Nemelex Xobeh.
             Killed from afar by a Tzitzimitl (51 damage)
             ... with a bolt of negative energy
             ... on level 2 of the Shoals on July 5, 2021.
             The game lasted 01:59:24 (46213 turns).

DeathSun the Hand of Fortune (Hill Orc Fighter)    Turns: 46213, Time: 01:59:25

HP:   -14/153 (178) AC: 21    Str: 32    XL:     18   Next: 12%
MP:   0/33          EV:  8    Int:  8    God:    Nemelex Xobeh [******]
Gold: 2384          SH:  0    Dex: 16    Spells: 17/17 levels left

rFire    . . .     SeeInvis +   M - +5 battleaxe (freeze)
rCold    x . .     Faith    .   (shield currently unavailable)
rNeg     . . .     Spirit   +   H - +0 plate armour
rPois    +         Reflect  .   X - +0 mask of the Dragon {Will+ Slay+3 SInv}
rElec    .         Harm     .   O - +1 cloak
rCorr    +         Rampage  .   l - +0 pair of gloves of Ashenzari's Reproof {rC- Str+5 Dex+6}
Will     ++...                  s - +2 pair of boots {Stlth+}
Stlth    ..........             T - amulet of guardian spirit
HPRegen  0.35/turn              C - ring of resist corrosion
MPRegen  0.23/turn              n - ring of poison resistance

@: heavily drained
A: no striking features
}: 1/15 runes: gossamer
a: Renounce Religion, Draw Escape, Draw Destruction, Draw Summoning, Draw Stack,
Triple Draw, Deal Four, Stack Five


You were on level 2 of the Shoals.
You worshipped Nemelex Xobeh.
Nemelex Xobeh was exalted by your worship.
You visited 6 branches of the dungeon, and saw 29 of its levels.
You also visited: Gauntlet and Ice Cave.

You collected 2600 gold pieces.
You spent 216 gold pieces at shops.

Inventory:

Hand Weapons
 M - a +5 battleaxe of freezing (weapon)
Missiles
 o - 2 boomerangs of dispersal
 U - a curare-tipped dart (quivered)
Armour
 l - the +0 pair of gloves of Ashenzari's Reproof (worn) {rC- Str+5 Dex+6}
   (You found it in a Gauntlet)

   Str:       It affects your strength (+5).
   Dex:       It affects your dexterity (+6).
   rC:        It makes you vulnerable to cold.
 s - a +2 pair of boots of stealth (worn)
 H - a +0 plate armour (worn)
 O - a +1 cloak (worn)
 X - the +0 mask of the Dragon (worn) {Will+ Slay+3 SInv}
   (You found it on level 3 of the Spider Nest)

   Slay:      It affects your accuracy & damage with ranged weapons and melee
   (+3).
   SInv:      It lets you see invisible.
   Will:      It increases your willpower.
Jewellery
 a - an amulet of regeneration
 i - a ring of ice
 n - a ring of poison resistance (right hand)
 r - a ring of flight
 y - a ring of fire
 C - a ring of resist corrosion (left hand)
 D - a ring of willpower
 T - an amulet of guardian spirit (around neck)
Wands
 e - a wand of mindburst (10)
 q - a wand of iceblast (43)
 x - a wand of paralysis (12)
 A - a wand of charming (21)
 B - a wand of acid (5)
 I - a wand of polymorph (15)
 V - a wand of flame (14)
Scrolls
 f - 2 scrolls of brand weapon
 h - a scroll of holy word
 m - 4 scrolls of magic mapping
 t - 12 scrolls of teleportation
 u - a scroll of blinking
 v - 10 scrolls of enchant weapon
 w - 3 scrolls of fog
 F - a scroll of immolation
 G - 4 scrolls of fear
 J - 2 scrolls of summoning
 L - 2 scrolls of identify
 P - a scroll of silence
 Y - 7 scrolls of enchant armour
Potions
 b - 6 potions of ambrosia
 c - a potion of flight
 d - 6 potions of might
 j - 3 potions of invisibility
 p - 7 potions of curing
 z - 3 potions of mutation
 E - 2 potions of heal wounds
 K - a potion of haste
 N - a potion of brilliance
 R - a potion of berserk rage
 S - a potion of magic
 W - 2 potions of cancellation
 Z - a potion of resistance
Miscellaneous
 g - a lightning rod (4/4)
 k - a box of beasts
 Q - a tin of tremorstones (2/2)


   Skills:
 * Level 20.2 Fighting
 - Level 20.0 Axes
 - Level 10.0 Armour
 - Level 3.2 Shields
 + Level 23.5 Invocations
 * Level 7.7 Evocations


You had 17 spell levels left.
You didn't know any spells.
Your spell library contained the following spells:

 Spells                   Type           Power      Damage    Failure   Level
 Animate Skeleton         Necr           0%         N/A       95%         1
 Apportation              Tloc           0%         N/A       95%         1
 Beastly Appendage        Tmut           0%         N/A       95%         1
 Corona                   Hex            0%         N/A       95%         1
 Freeze                   Ice            0%         1d3       95%         1
 Magic Dart               Conj           0%         1d3       95%         1
 Pain                     Necr           0%         1d4       95%         1
 Summon Small Mammal      Summ           0%         N/A       95%         1
 Blink                    Tloc           N/A        N/A       99%         2
 Call Imp                 Summ           0%         N/A       99%         2
 Ensorcelled Hibernation  Hex/Ice        0%         N/A       99%         2
 Searing Ray              Conj           0%         3d3       99%         2
 Slow                     Hex            0%         N/A       99%         2
 Wereblood                Tmut           0%         N/A       99%         2
 Call Canine Familiar     Summ           0%         N/A       100%        3
 Confusing Touch          Hex            0%         N/A       100%        3
 Conjure Flame            Conj/Fire      0%         6-21      100%        3
 Dazzling Flash           Conj/Hex       0%         N/A       100%        3
 Frozen Ramparts          Ice            0%         1d2       100%        3
 Gell's Gravitas          Tloc           0%         N/A       100%        3
 Lesser Beckoning         Tloc           0%         N/A       100%        3
 Mephitic Cloud           Conj/Pois/Air  0%         N/A       100%        3
 Ozocubu's Armour         Ice            0%         N/A       100%        3
 Spider Form              Tmut/Pois      0%         N/A       100%        3
 Summon Guardian Golem    Hex/Summ       0%         N/A       100%        3
 Tukima's Dance           Hex            0%         N/A       100%        3
 Vampiric Draining        Necr           0%         2d6       100%        3
 Animate Armour           Summ/Erth      0%         N/A       100%        4
 Animate Dead             Necr           0%         N/A       100%        4
 Fulminant Prism          Conj/Hex       0%         3d6       100%        4
 Hailstorm                Conj/Ice       0%         3d3       100%        4
 Ice Form                 Ice/Tmut       0%         N/A       100%        4
 Iskenderun's Mystic Bla  Conj/Tloc      0%         2d3       100%        4
 Leda's Liquefaction      Hex/Erth       0%         N/A       100%        4
 Summon Ice Beast         Ice/Summ       0%         N/A       100%        4
 Summon Lightning Spire   Summ/Air       0%         N/A       100%        4
 Agony                    Necr           0%         N/A       100%        5
 Bolt of Magma            Conj/Fire/Erth 0%         4d4       100%        5
 Freezing Cloud           Conj/Ice/Air   0%         6-21      100%        5
 Iskenderun's Battlesphe  Conj           0%         2d6       100%        5
 Metabolic Englaciation   Hex/Ice        0%         N/A       100%        5
 Iron Shot                Conj/Erth      0%         9d1       100%        6
 Simulacrum               Ice/Necr       0%         N/A       100%        6
 Statue Form              Tmut/Erth      0%         N/A       100%        6
 Orb of Destruction       Conj           0%         N/A       100%        7
 Ozocubu's Refrigeration  Ice            0%         4d5       100%        7
 Spellforged Servitor     Conj/Summ      0%         N/A       100%        7
 Shatter                  Erth           0%         3d5*      100%        9


Dungeon Overview and Level Annotations

Branches:
Dungeon (14/15)            Temple (1/1) D:7            Lair (6/6) D:8
 Shoals (2/4) Lair:3       Spider (4/4) Lair:2        Slime (0/5) Lair:5
    Orc (2/2) D:10            Elf (0/3) Orc:2         IceCv (visited)
Gauntlet (visited)
 Vaults: D:13-14

Altars:
Ashenzari
Cheibriados
Dithmenos
Elyvilon
Fedhas
Gozag
Hepliaklqana
Kikubaaqudgha
Makhleb
Nemelex Xobeh
Okawaru
Qazlal
Ru
Sif Muna
Trog
Uskayaw
Vehumet
Wu Jian
Xom
Yredelemnul
Zin
The Shining One
Beogh

Shops:
D:8 ([(   D:11 *   Orc:2 ([(=

Portals:
Abyss: Shoals:2

Annotations:
Lair:2 exclusion: oklob plant
Shoals:2 1 transporter, miberto's ghost, adept MiBe
Abyss:1 Harold


Message History

The Tzitzimitl bites you but does no damage.
The Tzitzimitl engulfs you but does no damage.
The Tzitzimitl bites you but does no damage.
You feel much better.
The Tzitzimitl engulfs you but does no damage.
The Tzitzimitl bites you but does no damage.
Your plate armour prevents you from hitting the Tzitzimitl.
The Tzitzimitl is almost dead.
The Tzitzimitl engulfs you but does no damage.
The Tzitzimitl barely misses you.
You miss the Tzitzimitl.
The Tzitzimitl is almost dead.
The Tzitzimitl engulfs you.
* * * LOW HITPOINT WARNING * * *
The Tzitzimitl bites you!
* * * LOW HITPOINT WARNING * * *
You feel drained.
* * * LOW HITPOINT WARNING * * *
Okay, then.
Aiming: Mindburst
Press: ? - help, Shift-Dir - straight line, f/p - Tzitzimitl
Aim: a Tzitzimitl (almost dead, misshapen and mutated, infinite will)
Okay, then.
Aiming: Paralyse
Press: ? - help, Shift-Dir - straight line, f/p - Tzitzimitl
Aim: a Tzitzimitl (almost dead, misshapen and mutated, infinite will)
Okay, then.
You draw a card...
You have drawn the Storm.
A mighty gale blasts forth from the card!
The electrical discharge engulfs the Tzitzimitl!
The Tzitzimitl resists.
The Tzitzimitl is almost dead.
You hear violent peals of thunder!
You feel yourself speed up.
The merfolk javelineer shouts!
You hear a horrible gurgling sound!
You hear a shout! x2
The Tzitzimitl gestures at you. The bolt of negative energy hits you!!!
You feel drained.
You die...
Your body disappears without a glow.

....................≈
.........♣#.......m.≈
.......©####....###..
.....####.X##..♣♣.#
.≈..##.|uXWu#..#..#
≈≈≈.♣:#.#.2♣#..##.##
≈≈≈.##...###...##..#
≈≈≈≈≈##.##....♣#.#.#
≈≈≈≈.##..##©###.@.## ≈≈
≈≈≈≈##....###.#1###..≈≈
≈≈≈≈#?..##.©..#[#....≈≈
≈≈≈≈##.#.###..∩.##....≈
≈≈≈≈.##.###..).#.# ....
≈≈≈≈≈.#....####...# ...
≈≈≈≈≈##...##..#..#.# ..
≈≈≈.(#.©###...♣##$##. .
≈≈≈..####.......###..


You could see a Tzitzimitl (misshapen) and a merfolk javelineer.

Vanquished Creatures
  Frances (D:12)
  Roxanne (Spider:3)
  5 ghost moths
  6 emperor scorpions
  3 entropy weavers
  A minotaur (Gauntlet)
  2 spark wasps
  A merfolk javelineer (Shoals:1)
  An ettin (Orc:2)
  3 merfolk impalers
  Erolcha (D:13)
  3 boulder beetles
  Fannar (D:10)
  7 hydras
  3 catoblepae
  12 death yaks
  4 merfolk aquamancers
  2 centaur warriors
  A satyr (Shoals:2)
  3 two-headed ogres
  Urug (Lair:1)
  An iron troll (Lair:3)
  Sonja (Lair:3)
  4 skeletal warriors
  2 sea snakes
  3 glowing orange brains
  A necromancer (IceCv)
  6 harpies
  19 orb spiders
  32 wolf spiders
  4 orc knights (Orc:2)
  A mana viper (Lair:1)
  6 fauns
  4 ugly things
  6 manticores
  5 cyclopes
  2 moths of wrath
  3 ice statues (IceCv)
  An apocalypse crab (Gauntlet)
  3 merfolk sirens
  6 elephants (Lair:6)
  31 cane toads
  4 black mambas
  2 torpor snails
  A minotaur zombie (Gauntlet)
  An unseen horror (D:7)
  2 water nymphs (Shoals:2)
  8 rime drakes
  6 komodo dragons
  A tengu conjurer (D:11)
  8 ice devils (IceCv)
  9 demonic crawlers
  11 merfolk
  4 slime creatures
  39 jumping spiders
  A wind drake (Shoals:1)
  9 hornets
  3 trolls
  4 tyrant leeches (Lair:6)
  A wolf spider simulacrum (D:14)
  2 snapping turtles
  19 blink frogs
  4 dream sheep (Lair:5)
  84 redbacks
  4 flying skulls (Gauntlet)
  40 tarantellas
  A shadow (D:10)
  3 wyverns
  Sigmund (D:2)
  2 water elementals
  27 yaks
  2 vampires
  A wraith (D:11)
  2 wargs
  8 basilisks
  A steam dragon (D:7)
  12 vampire mosquitoes
  13 water moccasins
  2 acid dragons (D:12)
  27 orc warriors
  2 black bears (D:8)
  2 sky beasts (D:7)
  2 ice beasts
  2 necrophages
  6 wolves (Lair:1)
  3 ogres
  24 centaurs
  2 lemures
  2 phantoms (D:5)
  2 kobold brigands
  A gnoll sergeant (D:10)
  26 bullfrogs
  5 scorpions
  A wyvern skeleton (D:7)
  A water moccasin skeleton (D:4)
  7 wights
  3 killer bees (D:9)
  2 electric eels
  A howler monkey (D:9)
  6 crimson imps (D:10)
  3 centaur zombies
  A draconian simulacrum (IceCv)
  15 orc priests
  3 hounds
  4 jellies
  3 iguanas
  10 orc wizards
  3 troll simulacra (IceCv)
  A killer bee zombie (D:8)
  3 centaur simulacra (IceCv)
  2 howler monkey zombies
  5 gnolls (D:10)
  A howler monkey skeleton (D:7)
  6 adders
  A naga simulacrum (IceCv)
  2 ogre simulacra (IceCv)
  A shadow imp (D:8)
  17 white imps
  3 ufetubi
  3 worms
  A dart slug (D:3)
  59 orcs
  6 ball pythons
  4 endoplasms
  7 giant cockroaches
  5 hobgoblins
  5 quokkas
  9 bats
  2 frilled lizards
  6 goblins
  22 kobolds
  5 rats
890 creatures vanquished.

Vanquished Creatures (collateral kills)
  Jorgrun (D:12)
  An entropy weaver (Spider:1)
  A merfolk impaler (Shoals:2)
  Pikel (D:4)
  A cane toad (Lair:6)
  A demonic crawler (Spider:1)
  A raiju (Shoals:2)
  5 redbacks (Spider:1)
  A tarantella (Spider:4)
13 creatures vanquished.

Vanquished Creatures (others)
  A demonic crawler (Spider:1)
  A human (D:9)
  A scorpion (D:8)
  33 bushes (Lair:6)
  66 fungi
  A lurking horror (Shoals:2)
  275 plants
378 creatures vanquished.

Grand Total: 1281 creatures vanquished

Notes
Turn   | Place    | Note
-------+----------+-------------------------------------------
     0 | D:1      | DeathSun the Hill Orc Fighter began the quest for the Orb.
     0 | D:1      | Reached XP level 1. HP: 19/19 MP: 1/1
   186 | D:1      | Reached XP level 2. HP: 26/26 MP: 2/2
   211 | D:1      | Found a faded altar of an unknown god.
   307 | D:1      | Became a worshipper of Nemelex Xobeh the Trickster
   307 | D:1      | Reached * piety under Nemelex Xobeh
   307 | D:1      | Received a gift from Nemelex Xobeh
   541 | D:1      | Reached skill level 1 in Invocations
   611 | D:1      | Reached XP level 3. HP: 30/31 MP: 3/3
  1100 | D:2      | Reached skill level 2 in Invocations
  1506 | D:2      | Noticed Sigmund
  1513 | D:2      | Killed Sigmund
  1514 | D:2      | Reached skill level 4 in Invocations
  1514 | D:2      | Reached XP level 4. HP: 39/39 MP: 4/7
  1514 | D:2      | Reached XP level 5. HP: 45/45 MP: 4/8
  1636 | D:3      | Reached ** piety under Nemelex Xobeh
  1730 | D:3      | Received a gift from Nemelex Xobeh
  1748 | D:3      | Reached XP level 6. HP: 34/51 MP: 9/9
  2284 | D:3      | Found an ancient bone altar of Kikubaaqudgha.
  2313 | D:3      | Reached skill level 5 in Invocations
  3031 | D:4      | Noticed Pikel
  3327 | D:4      | Noticed a necrophage
  3349 | D:4      | Killed a necrophage
  3350 | D:4      | Reached XP level 7. HP: 50/57 MP: 11/11
  3378 | D:4      | Killed Pikel
  3379 | D:4      | Reached skill level 7 in Invocations
  3988 | D:4      | Found a shimmering blue altar of Sif Muna.
  4031 | D:4      | Reached XP level 8. HP: 62/64 MP: 13/13
  4444 | D:5      | Entered Level 5 of the Dungeon
  4841 | D:5      | Reached skill level 8 in Invocations
  5062 | D:5      | Reached skill level 10 in Axes
  5292 | D:5      | Reached *** piety under Nemelex Xobeh
  5327 | D:5      | Reached skill level 9 in Invocations
  5584 | D:5      | Found a bloodstained altar of Trog.
  6225 | D:6      | Identified the +0 chain mail of the Hills {*Slow Str+7
                  | Dex+3}
  6249 | D:6      | Received a gift from Nemelex Xobeh
  6269 | D:6      | Found a sparkling altar of Nemelex Xobeh.
  6573 | D:6      | Reached skill level 10 in Invocations
  6573 | D:6      | Reached XP level 9. HP: 50/70 MP: 16/16
  6910 | D:6      | Found an ornate altar of the Wu Jian Council.
  7066 | D:6      | Received a gift from Nemelex Xobeh
  7689 | D:7      | Killed an unseen horror
  7690 | D:7      | Reached skill level 11 in Invocations
  8013 | D:7      | Noticed a two-headed ogre
  8015 | D:7      | Killed a two-headed ogre
  8214 | D:7      | Reached skill level 15 in Axes
  8280 | D:7      | Reached **** piety under Nemelex Xobeh
  8280 | D:7      | Received a gift from Nemelex Xobeh
  8296 | D:7      | Reached skill level 12 in Invocations
  8447 | D:7      | Found a staircase to the Ecumenical Temple.
  8576 | D:6      | Reached XP level 10. HP: 67/77 MP: 19/19
  9399 | Temple   | Entered the Ecumenical Temple
  9559 | D:8      | Found Zoqeura's Antique Weapon Shoppe.
  9572 | D:8      | Noticed Harold
  9586 | D:8      | Banished Harold
  9587 | D:8      | Reached skill level 13 in Invocations
  9746 | D:8      | Found Waoseesa's Armour Shop.
  9772 | D:8      | Found Jifir's Weapon Shoppe.
  9852 | D:8      | Found a staircase to the Lair.
 10260 | D:8      | Reached skill level 5 in Fighting
 11112 | D:9      | Found a runed translucent door.
 11117 | D:9      | Found a basalt altar of Yredelemnul.
 11170 | D:9      | Reached skill level 14 in Invocations
 11431 | D:9      | Found a white marble altar of Elyvilon.
 11985 | D:9      | Found a snail-covered altar of Cheibriados.
 12208 | D:9      | Found a radiant altar of Vehumet.
 12859 | D:9      | Found a shadowy altar of Dithmenos.
 12865 | D:9      | Found a hazy altar of Hepliaklqana.
 12899 | D:9      | Found an iron altar of Okawaru.
 12899 | D:9      | Found a hide-covered altar of Uskayaw.
 13013 | D:10     | Entered Level 10 of the Dungeon
 13029 | D:10     | Reached XP level 11. HP: 74/89 MP: 21/21
 13320 | D:10     | Noticed Fannar
 13500 | D:10     | Received a gift from Nemelex Xobeh
 13874 | Lair:1   | Entered Level 1 of the Lair of Beasts
 14455 | Lair:1   | Noticed Urug
 14460 | Lair:1   | Killed Urug
 14845 | Lair:1   | Reached ***** piety under Nemelex Xobeh
 15003 | Lair:1   | Received a gift from Nemelex Xobeh
 16137 | Lair:1   | Reached skill level 15 in Invocations
 16841 | Lair:2   | Found a hole to the Spider Nest.
 16935 | Lair:2   | Reached XP level 12. HP: 40/105 MP: 23/23
 17314 | Lair:2   | Found a blossoming altar of Fedhas.
 17350 | Lair:2   | You fall into a shaft and drop 2 floors!
 17350 | Lair:4   | Received a gift from Nemelex Xobeh
 17519 | Lair:3   | Noticed Rupert
 17544 | Lair:3   | Noticed Rupert
 17544 | Lair:3   | Rupert changed into Rupert the iron troll
 17963 | Lair:3   | Reached skill level 10 in Fighting
 18306 | Lair:3   | Noticed Sonja
 18323 | Lair:3   | Killed Sonja
 18348 | Lair:3   | Noticed a catoblepas
 18365 | Lair:3   | Killed a catoblepas
 18607 | Lair:3   | Noticed Snorg
 18624 | Lair:3   | Noticed Snorg
 18624 | Lair:3   | Snorg changed into Snorg the cane toad
 18629 | Lair:3   | Killed Snorg the cane toad
 18685 | Lair:3   | Reached skill level 5 in Armour
 19140 | Lair:3   | Found a staircase to the Shoals.
 19305 | Lair:3   | Received a gift from Nemelex Xobeh
 20159 | Lair:4   | Noticed a seven-headed hydra
 20164 | Lair:4   | Killed a seven-headed hydra
 20164 | Lair:4   | Noticed a five-headed hydra
 20167 | Lair:4   | Killed a five-headed hydra
 20533 | Lair:4   | Identified the Volume of Dislocation and the Snowflakes
 20630 | Lair:4   | Received a gift from Nemelex Xobeh
 20770 | Lair:4   | Noticed a seven-headed hydra
 20771 | Lair:4   | Killed a seven-headed hydra
 20779 | Lair:4   | Noticed an eight-headed hydra
 20789 | Lair:4   | Killed a ten-headed hydra
 20965 | Lair:4   | Reached ****** piety under Nemelex Xobeh
 21033 | Lair:4   | Reached XP level 13. HP: 93/116 MP: 24/24
 21947 | Lair:5   | Received a gift from Nemelex Xobeh
 22110 | Lair:5   | Reached skill level 16 in Invocations
 22277 | Lair:5   | Received a gift from Nemelex Xobeh
 22329 | Lair:5   | Found a staircase to the Slime Pits.
 22950 | Lair:6   | Entered Level 6 of the Lair of Beasts
 24190 | Lair:6   | Reached skill level 10 in Armour
 24263 | Lair:6   | Reached XP level 14. HP: 105/129 MP: 26/26
 24619 | Lair:6   | Reached skill level 17 in Invocations
 25863 | Lair:6   | Reached skill level 15 in Fighting
 26241 | Lair:6   | Received a gift from Nemelex Xobeh
 26748 | Shoals:1 | Entered Level 1 of the Shoals
 27044 | Lair:3   | Reached skill level 1 in Evocations
 28863 | Lair:3   | Killed Rupert the iron troll
 29484 | Spider:1 | Entered Level 1 of the Spider Nest
 29484 | Spider:1 | Noticed an emperor scorpion
 29769 | D:10     | Killed Fannar
 30083 | D:10     | Received a gift from Nemelex Xobeh
 30111 | D:10     | Found a staircase to the Orcish Mines.
 31685 | D:11     | Found Datwuut's Island Escapes.
 31698 | D:11     | Bought a scroll of blinking for 120 gold pieces
 31698 | D:11     | Bought a scroll of teleportation for 48 gold pieces
 31698 | D:11     | Bought a scroll of teleportation for 48 gold pieces
 31770 | D:12     | Received a gift from Nemelex Xobeh
 31868 | D:12     | Received a gift from Nemelex Xobeh
 31921 | D:12     | Noticed Jorgrun
 31939 | D:12     | Killed Jorgrun
 31940 | D:12     | Reached XP level 15. HP: 123/144 MP: 27/27
 31991 | D:12     | Found a frozen archway.
 32024 | IceCv    | Entered an ice cave
 32118 | IceCv    | Reached skill level 18 in Invocations
 32173 | IceCv    | Reached skill level 5 in Evocations
 32251 | IceCv    | Received a gift from Nemelex Xobeh
 32992 | D:12     | Noticed Frances
 33000 | D:12     | Killed Frances
 33523 | D:13     | Noticed Erolcha
 33531 | D:13     | Killed Erolcha
 33606 | D:13     | Reached skill level 19 in Invocations
 33734 | D:13     | Found a gate leading to a gauntlet.
 33743 | Gauntlet | Entered a Gauntlet
 33743 | Gauntlet | Found a transporter.
 33743 | Gauntlet | Found a transporter.
 33747 | Gauntlet | Found a transporter.
 33747 | Gauntlet | Found a transporter.
 33748 | Gauntlet | Found a transporter.
 33748 | Gauntlet | Received a gift from Nemelex Xobeh
 33749 | Gauntlet | Found a large runed translucent door.
 33750 | Gauntlet | Found a large runed translucent door.
 33751 | Gauntlet | Found a large runed translucent door.
 33751 | Gauntlet | Found a large runed translucent door.
 33751 | Gauntlet | Found a runed translucent door.
 33751 | Gauntlet | Found a runed translucent door.
 33752 | Gauntlet | Found a large runed translucent door.
 33752 | Gauntlet | Found a large runed translucent door.
 33752 | Gauntlet | Found a large runed translucent door.
 33752 | Gauntlet | Found a large runed translucent door.
 33753 | Gauntlet | Found a transporter.
 33753 | Gauntlet | Found a large runed translucent door.
 33753 | Gauntlet | Found a large runed translucent door.
 33753 | Gauntlet | Found a large runed translucent door.
 33754 | Gauntlet | Found a large runed translucent door.
 33754 | Gauntlet | Found a large runed translucent door.
 33754 | Gauntlet | Found a large runed translucent door.
 33756 | Gauntlet | Found a runed translucent gate.
 33756 | Gauntlet | Found a runed translucent gate.
 33756 | Gauntlet | Found a runed translucent gate.
 33758 | Gauntlet | Found a transporter.
 33758 | Gauntlet | Found a transporter.
 33810 | Gauntlet | Found a transporter.
 33821 | Gauntlet | Found a transporter.
 33841 | Gauntlet | Found a transporter.
 33859 | Gauntlet | Found a transporter.
 33997 | Gauntlet | Identified the +2 pair of boots of Reason {Int+4}
 34029 | Gauntlet | Found a large runed translucent door.
 34031 | Gauntlet | Found a large runed translucent door.
 34104 | Gauntlet | Identified the +0 pair of gloves of Ashenzari's Reproof
                  | {rC- Str+5 Dex+6}
 34628 | D:13     | Received a gift from Nemelex Xobeh
 35187 | Orc:1    | Entered Level 1 of the Orcish Mines
 35549 | Orc:1    | Found a roughly hewn altar of Beogh.
 35688 | Orc:2    | Entered Level 2 of the Orcish Mines
 35743 | Orc:2    | Found a staircase to the Elven Halls.
 36129 | Orc:2    | Reached skill level 20 in Invocations
 36201 | Orc:2    | Received a gift from Nemelex Xobeh
 36723 | Orc:2    | Found Irgho Vat's Armour Emporium.
 36723 | Orc:2    | Found Hugaw Nesull's Weapon Shop.
 36723 | Orc:2    | Found Xineosol's Jewellery Boutique.
 36726 | Orc:2    | Found Lerod's Antique Weapon Shoppe.
 37053 | Spider:1 | Killed an emperor scorpion
 37268 | Lair:1   | Reached XP level 16. HP: 111/151 MP: 19/30
 37367 | Spider:1 | Reached skill level 21 in Invocations
 37864 | Spider:1 | Received a gift from Nemelex Xobeh
 38475 | Spider:2 | Received a gift from Nemelex Xobeh
 39674 | Spider:3 | Noticed Roxanne
 39833 | Spider:3 | Reached skill level 22 in Invocations
 40024 | Spider:3 | Found the +0 mask of the Dragon {Will+ Slay+3 SInv}
 40240 | Spider:4 | Entered Level 4 of the Spider Nest
 40240 | Spider:4 | Received a gift from Nemelex Xobeh
 40943 | Spider:4 | Reached XP level 17. HP: 163/163 MP: 32/32
 41132 | Spider:4 | Noticed Arachne
 41143 | Spider:4 | Noticed Arachne
 41143 | Spider:4 | Arachne changed into Arachne the death yak
 41146 | Spider:4 | Killed Arachne the death yak
 42609 | Spider:4 | Got a gossamer rune of Zot
 42733 | Spider:3 | Reached skill level 23 in Invocations
 43097 | Spider:3 | Killed Roxanne
 43239 | Spider:3 | Found a roughly hewn altar of Beogh.
 43328 | Spider:3 | Identified the +6 hand crossbow "Udued" {elec, rC+ rCorr
                  | Int+9 Dex-2}
 43703 | Lair:3   | Upgraded the game from 0.27-a0-1317-gd1140b374c to
                  | 0.27-a0-1448-g9c78c815f3
 44036 | Shoals:1 | Received a gift from Nemelex Xobeh
 44814 | Shoals:1 | Received a gift from Nemelex Xobeh
 45101 | Shoals:2 | Reached XP level 18. HP: 158/178 MP: 30/33
 45241 | Shoals:2 | HP: 4/178 [merfolk (10)]
 46032 | Shoals:2 | Found a transporter.
 46037 | Shoals:2 | Found a one-way gate to the infinite horrors of the Abyss.
 46037 | Shoals:2 | Noticed miberto's ghost (adept MiBe)
 46050 | Shoals:2 | Noticed a tentacled monstrosity
 46058 | Shoals:2 | Received a gift from Nemelex Xobeh
 46059 | Shoals:2 | Found a transporter.
 46196 | Shoals:2 | Noticed a Tzitzimitl
 46196 | Shoals:2 | a tentacled monstrosity changed into a Tzitzimitl
 46213 | Shoals:2 | Killed from afar by a Tzitzimitl

Illustrated notes

Levels and vault maps discovered:
D:1:      heliophobic_arrival_henge, layout_loops_ring,
          ebering_ecumenical_altar_mist, minmay_quantized
D:2:      layout_rooms, uniq_sigmund
D:3:      layout_loops_cross, old_standard_altar
D:4:      layout_basic, marbit_many_paths, minmay_manual_mandibuliform,
          uniq_pikel
D:5:      lemuel_ice_spiral_2, layout_basic, kennysheep_mini,
          serial_bayou_ford_a
D:6:      layout_loops_ring, lemuel_tele_altar, nzn_wu_jian_contemplation
D:7:      minmay_opposing_rooms, layout_basic, temple_green, serial_glass,
          glass_columns_c, glass_columns_b
D:8:      layout_rooms, due_lair_maze_entry_diamond, serial_shops, shop,
          nicolae_stop_n_shop_2, shop, lemuel_flamethrower_2, uniq_harold
D:9:      layout_basic, riverfiend_overflow_shadow_ancestor,
          lemuel_coloured_pillars_altar, amcnicky_altar_gilded,
          nicolae_elyvilon_peaceful_grove, gammafunk_temple_overflow_pools,
          dk_yredelemnul_ordeal
D:10:     layout_rooms, erik_orc_4, minmay_nine_imps, uniq_fannar
D:11:     layout_roguey, minmay_misc_feat_rugged, nicolae_island_escapes
D:12:     layout_irregular_city, portal_ice_cave_entry_imps, uniq_jorgrun,
          uniq_frances
D:13:     layout_layer_cave, gauntlet_entry_generic, chequers_avenue,
          uniq_erolcha
D:14:     layout_roguey, david_vaults_2, minmay_misc_feat_chi
Temple:   nicolae_temple_figure_zero
Lair:1:   layout_cave_pods, grunt_forest_small_clearings, uniq_urug
Lair:2:   layout_regular_city, spider_nest_entry_a, hangedman_tree_tricks
Lair:3:   layout_gridlike, minmay_shoals_entry_centaurs, uniq_snorg, uniq_sonja,
          uniq_rupert
Lair:4:   layout_loops_ring, nicolae_quartered_pool_little, serial_bayou_shore_b
Lair:5:   layout_hall_layers, minmay_slime_entry_pillars
Lair:6:   minmay_lair_end_frog_pond, layout_regular_city, serial_forest,
          infiniplex_forest_end_3, infiniplex_forest_straight_3,
          infiniplex_forest_lined_room_2, infiniplex_forest_clump_curved,
          infiniplex_forest_clump_small, infiniplex_forest_straight_2
Shoals:1: layout_shoals, nicolae_shoals_aquamancer_cove
Shoals:2: layout_shoals, gammafunk_ghost_abyssal_escape
Spider:1: layout_spider_delve
Spider:2: layout_spider_delve, nicolae_spider_checkerboard
Spider:3: nicolae_spider_mines_2, uniq_roxanne
Spider:4: grunt_spider_rune_parallel, uniq_arachne
Orc:1:    layout_diamond_mine, minmay_orc_temple_a
Orc:2:    st_orc_rangers, layout_caves

Skill      XL: |  1  2  3  4  5  6  7  8  9 10 11 12 13 14 15 16 17 |
---------------+----------------------------------------------------+-----
Axes           | 3 4 6 7 9 12 15 16 18 19 20 | 20.0
Invocations    | 1 4 5 7 10 12 14 15 16 17 20 22 23 | 23.5
Fighting       | 6 9 11 13 16 18 20 | 20.2
Armour         | 6 10 | 10.0
Evocations     | 4 7 |  7.7
Shields        | |  3.2

Action                   |  1- 3 |  4- 6 |  7- 9 | 10-12 | 13-15 | 16-18 || total
-------------------------+-------+-------+-------+-------+-------+-------++-------
Melee: War axe           |   101 |   153 |   225 |    94 |       |       ||   573
       Battleaxe         |       |       |       |   305 |   889 |   817 ||  2011
Throw: Dart              |       |       |       |     2 |     2 |       ||     4
Invok: Draw Destruction  |     4 |       |     3 |    24 |    28 |    13 ||    72
       Draw Summoning    |       |       |     1 |     2 |     4 |     2 ||     9
       Draw Escape       |       |       |       |     3 |     1 |       ||     4
       Stack Five        |       |       |       |       |       |     1 ||     1
       Draw Stack        |       |       |       |       |       |     2 ||     2
Evoke: Wand              |       |       |       |     3 |    10 |     2 ||    15
       Box of beasts     |       |       |       |       |     1 |       ||     1
  Use: Potion            |       |       |       |     1 |     1 |     6 ||     8
       Scroll            |       |       |       |    18 |    13 |     3 ||    34
 Stab: Distracted        |       |       |       |       |     1 |       ||     1
       Held in net/web   |       |       |       |       |       |     1 ||     1
Armor: Scale mail        |    45 |    54 |   106 |   154 |    76 |       ||   435
       Plate armour      |       |       |       |       |   373 |   769 ||  1142
Dodge: Dodged            |    47 |    37 |    73 |   160 |   323 |   367 ||  1007
Block: Kite shield       |    53 |    53 |    89 |    39 |       |       ||   234

Table legend: (Time is in decaauts)
 A = Elapsed time spent in this place.
 B = Non-inter-level travel time spent in this place.
 C = Inter-level travel time spent in this place.
 D = Time resting spent in this place.
 E = Time spent auto-exploring this place.
 F = Levels seen in this place.
 G = Mean time per level.
                   A        B        C        D        E       F      G
               +--------+--------+--------+--------+--------+-----+--------+
         Total |  46010 |  43745 |   2265 |  17695 |  17764 |  31 | 1484.2 |
       Dungeon |  18696 |  17367 |   1329 |   6362 |   8116 |  14 | 1335.4 |
        Temple |    123 |    114 |      9 |      0 |    113 |   1 |  123.0 |
          Lair |  16019 |  15494 |    525 |   8803 |   4590 |   6 | 2669.8 |
        Shoals |   2659 |   2638 |     21 |    758 |   1297 |   2 | 1329.5 |
   Spider Nest |   5759 |   5424 |    335 |   1267 |   2562 |   4 | 1439.8 |
  Orcish Mines |   1721 |   1675 |     46 |    316 |    931 |   2 |  860.5 |
      Ice Cave |    562 |    562 |      0 |    151 |    116 |   1 |  562.0 |
      Gauntlet |    468 |    468 |      0 |     38 |     38 |   1 |  468.0 |
               +--------+--------+--------+--------+--------+-----+--------+

Top non-repeatable levels by time:
  Lair:3: 5201 daAuts
  Lair:6: 3057 daAuts
  Lair:1: 2418 daAuts
     D:7: 2248 daAuts
     D:9: 2108 daAuts
Spider:4: 2054 daAuts
     D:8: 2040 daAuts
  Lair:5: 1991 daAuts
Shoals:1: 1932 daAuts
     D:4: 1907 daAuts
  Lair:2: 1852 daAuts
     D:6: 1674 daAuts
Spider:3: 1625 daAuts
  Lair:4: 1498 daAuts
     D:5: 1405 daAuts
